TOP OF THE 1ST |
South Florida Bulls batting - Pitching for Penn State Nittany Lions : RHP Joe Bailey
|
Pitching: RHP Joe Bailey
|
|
Batting: LHB Bob Bush
|
0-0: Ball 1-0: Foul Ball, location: 2F 1-1: Foul Ball, location: 2F 1-2: Foul Ball, location: 2F 1-2: Strikes out looking
|
Batting: SHB Roberto Torres
|
0-0: Called Strike 0-1: Ball 1-1: Ball 2-1: Foul Ball, location: 2F 2-2: Foul Ball, location: 2F 2-2: Fly out, F7 (Flyball, 78S)
|
Batting: RHB John Little
|
0-0: Called Strike 0-1: Fly out, F3 (Popup, 3F)
|
Top of the 1st over - 0 run(s), 0 hit(s), 0 error(s), 0 left on base; South Florida 0 - Penn State 0 |
BOTTOM OF THE 1ST |
Penn State Nittany Lions batting - Pitching for South Florida Bulls : RHP Sid Allen
|
Pitching: RHP Sid Allen
|
|
Batting: LHB Andrew Russell
|
0-0: Bunt for hit - play at first, batter OUT! 1-3
|
Batting: RHB Bob Cole
|
0-0: Swinging Strike 0-1: Ball 1-1: Foul Ball, location: 2F 1-2: Ball 2-2: Foul Ball, location: 2F 2-2: Foul Ball, location: 2F 2-2: Foul Ball, location: 2F 2-2: Foul Ball, location: 2F 2-2: Foul Ball, location: 2F 2-2: Ball 3-2: Strikes out swinging
|
Batting: RHB Sergio Gonzáles
|
0-0: Ball 1-0: Ball 2-0: Foul Ball, location: 2F 2-1: Ball 3-1: Foul Ball, location: 2F 3-2: Ground out 3-1 (Groundball, 34)
|
Bottom of the 1st over - 0 run(s), 0 hit(s), 0 error(s), 0 left on base; South Florida 0 - Penn State 0 |
TOP OF THE 2ND |
South Florida Bulls batting - Pitching for Penn State Nittany Lions : RHP Joe Bailey
|
Batting: SHB Tex White
|
0-0: Foul Ball, location: 2F 0-1: Ground out 2-3 (Groundball, 2L)
|
Batting: RHB Mark Parker
|
0-0: Ground out 4-3 (Groundball, 4)
|
Batting: RHB Jon Krohne
|
0-0: Ball 1-0: Swinging Strike 1-1: Ball 2-1: Swinging Strike 2-2: Foul Ball, location: 2F 2-2: SINGLE (Line Drive, 8LS)
|
Batting: LHB Bob Jacobs
|
0-0: Ground out 4-3 (Groundball, 4)
|
Top of the 2nd over - 0 run(s), 1 hit(s), 0 error(s), 1 left on base; South Florida 0 - Penn State 0 |
BOTTOM OF THE 2ND |
Penn State Nittany Lions batting - Pitching for South Florida Bulls : RHP Sid Allen
|
Batting: RHB Tom Gordon
|
0-0: Swinging Strike 0-1: Ball 1-1: Ball 2-1: Swinging Strike 2-2: Foul Ball, location: 2F 2-2: Strikes out swinging
|
Batting: RHB Raúl Ruíz
|
0-0: Called Strike 0-1: SINGLE (Groundball, 6MD)
|
Batting: RHB William Rogers
|
0-0: Called Strike 0-1: Ball 1-1: Ball 2-1: Ball 3-1: Base on Balls Raúl Ruíz to second
|
Batting: SHB Jim Gibson
|
0-0: Ball 1-0: Called Strike 1-1: SINGLE (Flyball, 78S) Raúl Ruíz to third William Rogers to second
|
Batting: RHB Johnny Hood
|
0-0: Ball 1-0: Foul Ball, location: 2F 1-1: Ball 2-1: Called Strike 2-2: Strikes out swinging
|
Batting: RHB Jim Anderson
|
0-0: Ball 1-0: Swinging Strike 1-1: Swinging Strike 1-2: Ball Wild Pitch! Raúl Ruíz scores William Rogers to third Jim Gibson to second 2-2: Strikes out swinging
|
Bottom of the 2nd over - 1 run(s), 2 hit(s), 0 error(s), 2 left on base; South Florida 0 - Penn State 1 |
TOP OF THE 3RD |
South Florida Bulls batting - Pitching for Penn State Nittany Lions : RHP Joe Bailey
|
Batting: RHB Rafael Martínez
|
0-0: Swinging Strike 0-1: Foul Ball, location: 2F 0-2: Ball 1-2: Ball Single, Error in OF, E7, batter to second base
|
Batting: RHB Danny Olson
|
0-0: Called Strike 0-1: Ground out 5-3 (Groundball, 56)
|
Batting: LHB Bob Bush
|
0-0: Ball Rafael Martínez steals 3rd base 1-0: Foul Ball, location: 2F 1-1: Called Strike 1-2: Ball 2-2: Strikes out looking
|
Batting: SHB Roberto Torres
|
0-0: Ball 1-0: Foul Ball, location: 2F 1-1: Ball 2-1: Foul Ball, location: 2F 2-2: Fly out, F8 (Popup, 6MD)
|
Top of the 3rd over - 0 run(s), 1 hit(s), 1 error(s), 1 left on base; South Florida 0 - Penn State 1 |
BOTTOM OF THE 3RD |
Penn State Nittany Lions batting - Pitching for South Florida Bulls : RHP Sid Allen
|
Batting: LHB Andrew Russell
|
0-0: Called Strike 0-1: Ball 1-1: Ground out 5-3 (Groundball, 5)
|
Batting: RHB Bob Cole
|
0-0: Ball 1-0: Called Strike 1-1: SINGLE (Groundball, 4MD)
|
Batting: RHB Sergio Gonzáles
|
0-0: Called Strike Bob Cole is caught stealing 2nd base 0-1: SINGLE (Line Drive, 3)
|
Batting: RHB Tom Gordon
|
0-0: Swinging Strike 0-1: Called Strike 0-2: Strikes out swinging
|
Bottom of the 3rd over - 0 run(s), 2 hit(s), 0 error(s), 1 left on base; South Florida 0 - Penn State 1 |
TOP OF THE 4TH |
South Florida Bulls batting - Pitching for Penn State Nittany Lions : RHP Joe Bailey
|
Batting: RHB John Little
|
0-0: Ball 1-0: Foul Ball, location: 2F 1-1: Ground out 4-3 (Groundball, 4M)
|
Batting: SHB Tex White
|
0-0: Foul Ball, location: 2F 0-1: Ball 1-1: Foul Ball, location: 2F 1-2: Foul Ball, location: 2F 1-2: Fly out, F8 (Flyball, 8RXD)
|
Batting: RHB Mark Parker
|
0-0: Called Strike 0-1: Ball 1-1: Foul Ball, location: 2F 1-2: Ground out 1-3 (Groundball, 15S)
|
Top of the 4th over - 0 run(s), 0 hit(s), 0 error(s), 0 left on base; South Florida 0 - Penn State 1 |
BOTTOM OF THE 4TH |
Penn State Nittany Lions batting - Pitching for South Florida Bulls : RHP Sid Allen
|
Batting: RHB Raúl Ruíz
|
0-0: Ball 1-0: Swinging Strike 1-1: Ball 2-1: Swinging Strike 2-2: Strikes out swinging
|
Batting: RHB William Rogers
|
0-0: Foul Ball, location: 2F 0-1: Foul Ball, location: 2F 0-2: Strikes out swinging
|
Batting: SHB Jim Gibson
|
0-0: Ball 1-0: SINGLE (Groundball, 34D)
|
Batting: RHB Johnny Hood
|
0-0: Foul Ball, location: 2F 0-1: Called Strike 0-2: Foul Ball, location: 2F 0-2: Strikes out swinging
|
Bottom of the 4th over - 0 run(s), 1 hit(s), 0 error(s), 1 left on base; South Florida 0 - Penn State 1 |
TOP OF THE 5TH |
South Florida Bulls batting - Pitching for Penn State Nittany Lions : RHP Joe Bailey
|
Batting: RHB Jon Krohne
|
0-0: Called Strike 0-1: Foul Ball, location: 2F 0-2: Ball 1-2: Ball 2-2: Ground out 5-3 (Groundball, 56)
|
Batting: LHB Bob Jacobs
|
0-0: Ball 1-0: Swinging Strike 1-1: TRIPLE (Line Drive, 89M)
|
Batting: RHB Rafael Martínez
|
0-0: Swinging Strike 0-1: Called Strike 0-2: SINGLE (Groundball, 5D) Bob Jacobs scores
|
Batting: RHB Danny Olson
|
0-0: Ball 1-0: Called Strike Rafael Martínez is caught stealing 2nd base 1-1: Ball 2-1: Fly out, F3 (Popup, 3F)
|
Top of the 5th over - 1 run(s), 2 hit(s), 0 error(s), 0 left on base; South Florida 1 - Penn State 1 |
BOTTOM OF THE 5TH |
Penn State Nittany Lions batting - Pitching for South Florida Bulls : RHP Sid Allen
|
Batting: RHB Jim Anderson
|
0-0: Foul Ball, location: 2F 0-1: Called Strike 0-2: Strikes out swinging
|
Batting: LHB Andrew Russell
|
0-0: Ball 1-0: Ball 2-0: Called Strike 2-1: Foul Ball, location: 2F 2-2: Ball 3-2: Strikes out looking
|
Batting: RHB Bob Cole
|
0-0: Called Strike 0-1: Swinging Strike 0-2: Strikes out swinging
|
Bottom of the 5th over - 0 run(s), 0 hit(s), 0 error(s), 0 left on base; South Florida 1 - Penn State 1 |
TOP OF THE 6TH |
South Florida Bulls batting - Pitching for Penn State Nittany Lions : RHP Joe Bailey
|
Batting: LHB Bob Bush
|
0-0: Ball 1-0: Swinging Strike 1-1: Ball 2-1: Ball 3-1: Base on Balls
|
Batting: SHB Roberto Torres
|
0-0: Called Strike 0-1: Swinging Strike 0-2: Foul Ball, location: 2F 0-2: Fielders Choice at 2nd, 1-6 (Groundball, 13S)
|
Batting: RHB John Little
|
0-0: Ball Roberto Torres steals 2nd base 1-0: DOUBLE (Flyball, 8RM) Roberto Torres scores
|
Batting: SHB Tex White
|
0-0: Intentional Walk
|
Pitching: LHP Bryce Johnston
|
|
Batting: RHB Mark Parker
|
0-0: Called Strike 0-1: Foul Ball, location: 2F 0-2: Foul Ball, location: 2F 0-2: Ball 1-2: Ball 2-2: Fielders Choice at 2nd, 5-4 (Groundball, 56) John Little to third
|
Batting: RHB Jon Krohne
|
0-0: Ball 1-0: Called Strike 1-1: SINGLE (Groundball, 56) John Little scores Mark Parker to second
|
Batting: LHB Bob Jacobs
|
0-0: Foul Ball, location: 2F 0-1: Ball 1-1: Foul Ball, location: 2F 1-2: Strikes out swinging
|
Top of the 6th over - 2 run(s), 2 hit(s), 0 error(s), 2 left on base; South Florida 3 - Penn State 1 |
BOTTOM OF THE 6TH |
Penn State Nittany Lions batting - Pitching for South Florida Bulls : RHP Sid Allen
|
Pitching: RHP Roy Bowles
|
|
Batting: RHB Sergio Gonzáles
|
0-0: Called Strike 0-1: Ball 1-1: Called Strike 1-2: Strikes out looking
|
Batting: RHB Tom Gordon
|
0-0: Ball 1-0: Ball 2-0: Fly out, F4 (Popup, 34)
|
Batting: RHB Raúl Ruíz
|
0-0: Ball 1-0: Fly out, F9 (Flyball, 9S)
|
Bottom of the 6th over - 0 run(s), 0 hit(s), 0 error(s), 0 left on base; South Florida 3 - Penn State 1 |
TOP OF THE 7TH |
South Florida Bulls batting - Pitching for Penn State Nittany Lions : LHP Bryce Johnston
|
Batting: RHB Rafael Martínez
|
0-0: Swinging Strike 0-1: Ball 1-1: SINGLE (Groundball, 6MD)
|
Batting: RHB Danny Olson
|
0-0: Called Strike 0-1: Sac Bunt - play at first, batter OUT! 5-3 Rafael Martínez to second
|
Batting: LHB Bob Bush
|
0-0: Intentional Walk
|
Batting: SHB Roberto Torres
|
0-0: Called Strike 0-1: Foul Ball, location: 2F 0-2: Ground out 4-3 (Groundball, 13) Rafael Martínez to third Bob Bush to second
|
Batting: RHB John Little
|
0-0: Foul Ball, location: 2F 0-1: Foul Ball, location: 2F 0-2: Foul Ball, location: 2F 0-2: Foul Ball, location: 2F 0-2: Ball 1-2: Ball 2-2: Ball 3-2: Ground out 4-3 (Groundball, 4)
|
Top of the 7th over - 0 run(s), 1 hit(s), 0 error(s), 2 left on base; South Florida 3 - Penn State 1 |
BOTTOM OF THE 7TH |
Penn State Nittany Lions batting - Pitching for South Florida Bulls : RHP Roy Bowles
|
Batting: RHB William Rogers
|
0-0: Ball 1-0: Swinging Strike 1-1: Ball 2-1: Called Strike 2-2: Reached on error, E4 (Groundball, 34)
|
Batting: SHB Jim Gibson
|
0-0: Fly out, F7 (Flyball, 78M)
|
Batting: RHB Johnny Hood
|
0-0: Ball 1-0: Fly out, F8 (Flyball, 8RM)
|
Batting: RHB Jim Anderson
|
0-0: Called Strike 0-1: Called Strike 0-2: Foul Ball, location: 2F 0-2: Strikes out swinging
|
Bottom of the 7th over - 0 run(s), 0 hit(s), 1 error(s), 1 left on base; South Florida 3 - Penn State 1 |
TOP OF THE 8TH |
South Florida Bulls batting - Pitching for Penn State Nittany Lions : LHP Bryce Johnston
|
Batting: SHB Tex White
|
0-0: Foul Ball, location: 2F 0-1: Ball 1-1: Foul Ball, location: 2F 1-2: DOUBLE (Line Drive, 89XD)
|
Batting: RHB Mark Parker
|
0-0: Intentional Walk
|
Batting: RHB Jon Krohne
|
0-0: Ball 1-0: Swinging Strike 1-1: Foul Ball, location: 2F 1-2: Strikes out swinging
|
Batting: LHB Bob Jacobs
|
0-0: Ball 1-0: Fly out, F5 (Popup, 56)
|
Batting: RHB Rafael Martínez
|
0-0: Ball 1-0: Ball 2-0: Called Strike 2-1: SINGLE (Line Drive, 34) Tex White to third Mark Parker to second Runner from 3rd tries for Home, throw and OUT!
|
Top of the 8th over - 0 run(s), 2 hit(s), 0 error(s), 2 left on base; South Florida 3 - Penn State 1 |
BOTTOM OF THE 8TH |
Penn State Nittany Lions batting - Pitching for South Florida Bulls : RHP Roy Bowles
|
Pitching: LHP Gregg Funk
|
|
Batting: LHB Andrew Russell
|
0-0: Ground out 6-3 (Groundball, 6M)
|
Batting: RHB Bob Cole
|
0-0: Called Strike 0-1: SINGLE (Groundball, 4MD)
|
Pitching: RHP Cory Powell
|
|
Batting: RHB Sergio Gonzáles
|
0-0: Ball 1-0: Ball 2-0: Called Strike 2-1: Called Strike 2-2: Foul Ball, location: 2F 2-2: Ball 3-2: Strikes out looking
|
Batting: RHB Tom Gordon
|
0-0: SINGLE (Groundball, 5) Bob Cole to second
|
Batting: RHB Raúl Ruíz
|
0-0: SINGLE (Line Drive, 89S) Bob Cole to third Tom Gordon to second Runner from 3rd tries for Home, SAFE, no throw or cutoff
|
Batting: RHB William Rogers
|
0-0: Called Strike 0-1: Fly out, F3 (Popup, 13S)
|
Bottom of the 8th over - 1 run(s), 3 hit(s), 0 error(s), 2 left on base; South Florida 3 - Penn State 2 |
TOP OF THE 9TH |
South Florida Bulls batting - Pitching for Penn State Nittany Lions : LHP Bryce Johnston
|
Pitching: RHP Ralph Miller
|
|
Batting: RHB Danny Olson
|
0-0: Ball 1-0: Ball 2-0: Reached on error, E5 (Groundball, 56)
|
Batting: LHB Bob Bush
|
0-0: Swinging Strike 0-1: Called Strike 0-2: Strikes out swinging
|
Batting: SHB Roberto Torres
|
0-0: Ball 1-0: Ball 2-0: Called Strike 2-1: Ball 3-1: Swinging Strike 3-2: Base on Balls Danny Olson to second
|
Batting: RHB John Little
|
0-0: Called Strike 0-1: Foul Ball, location: 2F 0-2: Ball 1-2: Ball 2-2: Strikes out swinging
|
Batting: SHB Tex White
|
0-0: Fly out, F8 (Flyball, 8RXD)
|
Top of the 9th over - 0 run(s), 0 hit(s), 1 error(s), 2 left on base; South Florida 3 - Penn State 2 |
BOTTOM OF THE 9TH |
Penn State Nittany Lions batting - Pitching for South Florida Bulls : RHP Cory Powell
|
Pitching: RHP Howard Erickson
|
|
Now at C: Christian Mason
|
|
Batting: SHB Jim Gibson
|
0-0: Called Strike 0-1: Called Strike 0-2: Ball 1-2: Ball 2-2: Fly out, F2 (Popup, 25F)
|
Batting: RHB Johnny Hood
|
0-0: Called Strike 0-1: Foul Ball, location: 2F 0-2: Foul Ball, location: 2F 0-2: Ball 1-2: Ball 2-2: Foul Ball, location: 2F 2-2: Ball 3-2: Strikes out swinging
|
Batting: RHB Jim Anderson
|
0-0: Swinging Strike 0-1: Ball 1-1: Called Strike 1-2: Ball 2-2: Fly out, F7 (Flyball, 7M)
|
Bottom of the 9th over - 0 run(s), 0 hit(s), 0 error(s), 0 left on base; South Florida 3 - Penn State 2 |
|